 Dungeon Crawl Stone Soup version 0.20.1-1-g8b1a95d (webtiles) character file.

93 McKennaii the Gusty (level 4, -1/24 HPs)
             Began as a Tengu Air Elementalist on Aug 5, 2017.
             Killed from afar by an orc wizard (10 damage)
             ... with a magic dart
             ... on level 2 of the Dungeon.
             The game lasted 00:03:39 (2333 turns).

McKennaii the Gusty (Tengu Air Elementalist)        Turns: 2333, Time: 00:03:40

Health: -1/24      AC:  2    Str:  8    XL:     4   Next: 62%
Magic:  2/9        EV: 12    Int: 17    God:
Gold:   52         SH:  0    Dex: 14    Spells: 5/8 levels left

rFire    . . .     SeeInvis +   (no weapon)
rCold    . . .     Gourm    .   (no shield)
rNeg     . . .     Faith    +   a - +0 robe
rPois    .         Spirit   .   (helmet restricted)
rElec    .         Reflect  .   (no cloak)
rCorr    .         Harm     .   (no gloves)
MR       .....                  (boots unavailable)
Stlth    ++........             l - amulet of faith
Regen    0.1/turn               k - ring of see invisible
MPRegen  0.2/turn               (no ring)

@: no status effects
A: beak, talons 3
a: no special abilities


You were on level 2 of the Dungeon.
You were not hungry.

You visited 1 branch of the dungeon, and saw 2 of its levels.

You collected 52 gold pieces.

Inventory:

Armour
 a - a +0 robe (worn)
Jewellery
 k - a ring of see invisible (left hand)
 l - an amulet of faith (around neck)
Scrolls
 d - a scroll of teleportation {unknown}
 f - a scroll of identify {unknown}
 j - 3 scrolls of remove curse {unknown}
Potions
 h - a potion of brilliance {unknown}
 i - a potion of curing {unknown}
Books
 b - a book of Air

   Spells                             Type                      Level
   a - Shock                          Conjuration/Air              1
   b - Swiftness                      Charms/Air                   2
   c - Static Discharge               Conjuration/Air              3
   d - Airstrike                      Air                          4
   e - Lightning Bolt                 Conjuration/Air              5
 e - a book of Minor Magic

   Spells                             Type                      Level
   a - Magic Dart                     Conjuration                  1
   b - Blink                          Translocation                2
   c - Call Imp                       Summoning                    2
   d - Slow                           Hexes                        2
   e - Conjure Flame                  Conjuration/Fire             3
   f - Mephitic Cloud                 Conjuration/Poison/Air       3
Comestibles
 c - 3 bread rations
 g - 2 meat rations
 m - 6 fruits


   Skills:
 + Level 0.2 Fighting
 + Level 2.2 Dodging
 + Level 2.4 Stealth
 + Level 2.7 Spellcasting
 + Level 2.5 Conjurations
 + Level 5.4 Air Magic


You had 5 spell levels left.
You knew the following spells:

 Your Spells              Type           Power        Failure   Level  Hunger
a - Shock                 Conj/Air       ###.         3%          1    #......
b - Swiftness             Chrm/Air       ##......     9%          2    ##.....


Dungeon Overview and Level Annotations

Branches:
Dungeon (2/15)

Altars:


Innate Abilities, Weirdness & Mutations

You have a beak for a mouth.
You have claws for feet.


Message History

Unknown command.
Casting: Shock
Confirm with . or Enter, or press ? or * to list all spells.
Aiming: Shock
Press: ? - help, Shift-Dir - straight line, f/p - orc wizard
Aim: an orc wizard, wielding a dagger and wearing a robe (moderately wounded)
The zap hits the orc wizard.
The orc wizard is heavily wounded.
The orc wizard casts a spell at you. The magic dart hits you!
Casting: Shock
Confirm with . or Enter, or press ? or * to list all spells.
Aiming: Shock
Press: ? - help, Shift-Dir - straight line, f/p - orc wizard
Aim: an orc wizard, wielding a dagger and wearing a robe (heavily wounded)
The zap hits the orc wizard.
The orc wizard is severely wounded.
The orc wizard casts a spell at you. The magic dart hits you!
You die...

..)..........# ...
..#'#.###....#...## #
#)#.#.# #....#..... .#
..#.#.# #.........###.#
..#.#.# #...o..#.....#
..#.#.# #............#
..#.#+####....#.##.†..#
###......#............#.
.........'..(...@.......
###......###.#..##......
#......# #.#..# ..###
############.#..# .#
†......#.....#.###.#.#
#####.##.#..))........
......#............##.
.######..#............
...# ... #.#....######


You could see an orc wizard.

Vanquished Creatures
  Robin (D:2)
  2 adders (D:2)
  An ooze (D:1)
  A worm (D:2)
  A leopard gecko (D:2)
  5 bats
  3 giant cockroaches
  17 goblins
  5 hobgoblins
  4 jackals (D:2)
  3 kobolds
  A ball python (D:2)
  3 frilled lizards (D:2)
  3 rats (D:1)
50 creatures vanquished.

Notes
Turn   | Place    | Note
-------+----------+-------------------------------------------
     0 | D:1      | McKennaii the Tengu Air Elementalist began the quest for the Orb.
     0 | D:1      | Reached XP level 1. HP: 10/10 MP: 4/4
     7 | D:1      | Noticed a wolf
     7 | D:1      | Noticed a worker ant
     7 | D:1      | Noticed a salamander
   255 | D:1      | Reached XP level 2. HP: 15/15 MP: 3/6
  1339 | D:2      | Reached skill level 5 in Air Magic
  1339 | D:2      | Reached XP level 3. HP: 19/19 MP: 1/7
  1398 | D:2      | Learned a level 2 spell: Swiftness
  1405 | D:2      | Noticed Robin
  1500 | D:2      | Killed Robin
  1500 | D:2      | Reached XP level 4. HP: 22/24 MP: 0/8
  2333 | D:2      | Killed from afar by an orc wizard

Skill      XL: |  1  2  3 |
---------------+----------+-----
Air Magic      | 5 |  5.4
Conjurations   | 2 |  2.5
Fighting       | |  0.2
Dodging        | |  2.2
Stealth        | |  2.4
Spellcasting   | |  2.7

Action                   |  1- 3 |  4- 6 || total
-------------------------+-------+-------++-------
Melee: Unarmed           |    19 |       ||    19
       Kick              |     5 |       ||     5
       Peck              |     5 |       ||     5
 Cast: Shock             |    56 |    46 ||   102
  Use: Potion            |     2 |       ||     2
  Eat: Chunk             |     2 |     3 ||     5
Armor: Robe              |     3 |     2 ||     5
Dodge: Dodged            |    16 |     7 ||    23
